 Dungeon Crawl Stone Soup version 0.27-a0-679-g77a6b55cf3 (webtiles) character file.

Game seed: 472352950174613057

3 Lanoc the Slasher (level 1, 0/17 HPs)
             Began as a Vampire Berserker on Mar 18, 2021.
             Was a Follower of Trog.
             Slain by a goblin
             ... wielding a +0 dagger
              (4 damage)
             ... on level 2 of the Dungeon.
             The game lasted 00:00:10 (65 turns).

Lanoc the Slasher (Vampire Berserker)                 Turns: 65, Time: 00:00:10

Health: 0/17       AC:  2    Str: 16    XL:     1   Next: 41%
Magic:  1/1        EV: 12    Int:  9    God:    Trog [*.....]
Gold:   8          SH:  0    Dex: 13    Spells: 0/0 levels left

rFire    . . .     SeeInvis +   a - +0 falchion
rCold    . . .     Faith    .   (no shield)
rNeg     . . .     Spirit   .   b - +0 animal skin
rPois    .         Reflect  .   (no helmet)
rElec    .         Harm     .   (no cloak)
rCorr    .         Rampage  .   (no gloves)
Will     .....                  (no boots)
Stlth    +.........             (no amulet)
HPRegen  0.25/turn              (no ring)
MPRegen  0.07/turn              (no ring)

@: regenerating quickly
A: alive, fangs 3, see invisible, unbreathing 1, vampiric 1
a: Exsanguinate, Renounce Religion, Berserk


You were on level 2 of the Dungeon.
You worshipped Trog.
Trog was aware of your devotion.
You visited 1 branch of the dungeon, and saw 2 of its levels.

You collected 8 gold pieces.

Inventory:

Hand Weapons
 a - a +0 falchion (weapon)
Armour
 b - a +0 animal skin (worn)


   Skills:
 + Level 2.7 Fighting
 * Level 3.1 Long Blades
 - Level 1.5 Armour
 + Level 2.2 Dodging


You couldn't memorise any spells.
You didn't know any spells.
Your spell library was empty.

Dungeon Overview and Level Annotations

Branches:
Dungeon (2/15)

Altars:


Innate Abilities, Weirdness & Mutations

Your natural rate of healing is unusually fast.
You have razor-sharp teeth.
You have supernaturally acute eyesight. (SInv)
You can survive without breathing.
You are afflicted with vampirism.


Message History

Press ? for a list of commands and other information.
Found a staircase leading out of the dungeon.
You open the large door.
There is a large open door here.
Found a stone staircase leading down.
Found a ring mail.
There is a stone staircase leading down here.
You climb downwards.
A goblin comes into view.
The goblin shouts!
There is a stone staircase leading up here.
You hit the goblin. You bite the goblin.
You kill the goblin!
Trog accepts your kill.
No target in view!
A leopard gecko comes into view.
Found 8 gold pieces.
Found a stone staircase leading up.
The leopard gecko closely misses you.
You riposte.
You slash the leopard gecko!
You kill the leopard gecko!
Trog accepts your kill.
There is a stone staircase leading up here.
No target in view!
No target in view!
No target in view!
You now have 8 gold pieces.
You see here a leopard gecko corpse.
A goblin comes into view. It is wielding a +0 dagger.
The goblin shouts!
A hobgoblin comes into view. It is wielding a +0 club.
Found 13 gold pieces.
The hobgoblin shouts!
Found 7 gold pieces.
The hobgoblin hits you with a +0 club!
You hit the hobgoblin. You bite the hobgoblin.
You kill the hobgoblin!
Trog accepts your kill. The goblin hits you with a +0 dagger.
* * * LOW HITPOINT WARNING * * *
The goblin hits you with a +0 dagger.
You die...

#.###.### ###
#..##.....# ....
...####.######
##..##............#
........####.####.#
........## #.# #.#
.....$... ..# #.#
......).# #### #.#
.......@###### #.#
......g......# #.#
........####.# #.#
.$......####.####.#
........#...†<..#.#
........#.#####.#.#
###.##.## #.#.# #.
#. #...# # ## #.###


You could see a goblin.

Vanquished Creatures
  A leopard gecko (D:2)
  A goblin (D:2)
  A hobgoblin (D:2)
3 creatures vanquished.

Notes
Turn   | Place    | Note
-------+----------+-------------------------------------------
     0 | D:1      | Lanoc the Vampire Berserker began the quest for the Orb.
     0 | D:1      | Reached XP level 1. HP: 17/17 MP: 1/1
    65 | D:2      | Slain by a goblin

Illustrated notes

Levels and vault maps discovered:
D:1:      sevenhm_arrival_forest_fort_small_6, layout_loops_ring
D:2:      layout_loops_ring, old_standard_altar, general_overflow_altar,
          amcnicky_mini_pool_small

Action                   || total
-------------------------++-------
Melee: Falchion          ||     2
       Bite              ||     2
Dodge: Dodged            ||     1
       Rpst.: Falchion   ||     1

Table legend: (Time is in decaauts)
 A = Elapsed time spent in this place.
 B = Non-inter-level travel time spent in this place.
 C = Inter-level travel time spent in this place.
 D = Time resting spent in this place.
 E = Time spent auto-exploring this place.
 F = Levels seen in this place.
 G = Mean time per level.
                   A        B        C        D        E       F      G
               +--------+--------+--------+--------+--------+-----+--------+
         Total |     64 |     57 |      7 |      0 |     46 |   2 |   32.0 |
       Dungeon |     64 |     57 |      7 |      0 |     46 |   2 |   32.0 |
               +--------+--------+--------+--------+--------+-----+--------+

Top non-repeatable levels by time:
     D:2: 48 daAuts
     D:1: 16 daAuts
